Map: Odyssey LE

Players

Optimus

  • Race: Terran Terran
  • League: Grandmaster
  • Spawn Location: 5:00

ShoWTimE - Winner!

  • Race: Protoss Protoss
  • League: Grandmaster
  • Spawn Location: 11:00

Event: HomeStory Cup XVI

VOD

Have the link to the VOD?

Description

Time

  • Played on: Nov. 10, 2017, 10:40 a.m.
  • Length: 8:52

All games in this series

Show
View Real Time Build Order
Export as new Build Order

Optimus Terran 

Build Orders: MMM Bio 

Get SALT Encoding   

  12  0:00  SCV  
  13  0:12  SCV  
  14  0:17  Supply Depot  
  14  0:24  SCV  
  15  0:38  SCV  
  15  0:40  Barracks  
  16  0:44  Refinery  
  16  0:50  SCV  
  17  1:03  SCV  
  18  1:15  SCV  
  19  1:27  Marine  
  19  1:28  Orbital Command  
  20  1:43  Command Center  
  20  1:47  Barracks Reactor  
  20  1:53  SCV  
  21  1:58  Supply Depot  
  21  2:05  SCV  
  22  2:10  Factory  
  22  2:17  Refinery  
  22  2:18  SCV  
  23  2:24  Marine x2  
  25  2:30  SCV  
  26  2:41  Marine  
  26  2:42  SCV, Marine  
  29  2:54  Starport, SCV  
  29  2:55  Widow Mine  
  32  3:00  Orbital Command  
  32  3:03  Marine  
  33  3:10  SCV  
  33  3:11  Starport  
  33  3:19  Armory  
  33  3:23  SCV  
  34  3:27  SCV  
  34  3:29  Factory Tech Lab  
  34  3:32  Marine x2  
  37  3:35  SCV  
  37  3:37  Supply Depot  
  37  3:39  SCV  
  39  3:47  SCV  
  40  3:49  Marine  
  40  3:50  Marine  
  40  3:51  SCV  
  42  3:59  SCV  
  42  4:00  Widow Mine  
  42  4:03  Viking  
  42  4:04  SCV  
  42  4:07  Marine x2  
  47  4:10  Drilling Claws  
  47  4:11  SCV  
  48  4:17  Supply Depot  
  48  4:18  SCV  
  48  4:23  SCV  
  50  4:28  Widow Mine  
  50  4:30  SCV  
  52  4:36  SCV  
  46  4:42  SCV, Marine x2  
  46  4:44  Medivac  
  48  4:48  SCV  
  49  4:54  SCV  
  49  4:56  Supply Depot  
  49  4:57  Widow Mine  
  52  5:00  SCV, Marine x2  
  52  5:06  SCV  
  56  5:07  Barracks x2  
  56  5:13  SCV  
  57  5:16  Medivac  
  57  5:18  SCV  
  60  5:24  Command Center  
  60  5:31  SCV  
  60  5:33  Marine  
  60  5:34  Stimpack  
  62  5:36  SCV  
  62  5:37  Refinery, Engineering Bay  
  63  5:43  Widow Mine  
  63  5:44  Widow Mine  
  63  5:45  SCV  
  63  5:48  SCV  
  69  5:51  Starport Reactor, Marine  
  69  5:52  Supply Depot  
  70  6:03  Supply Depot  
  70  6:05  Refinery, Barracks Reactor, Barracks Tech Lab  
  70  6:13  Marine  
  70  6:14  Medivac, SCV x2  
  75  6:19  Widow Mine  
  75  6:25  Terran Infantry Weapons Level 1  
  79  6:26  Supply Depot, SCV  
  79  6:28  SCV  
  79  6:31  Marine  
  78  6:35  Marine  
  78  6:38  SCV  
  79  6:44  Orbital Command, Starport Reactor  
  79  6:45  SCV  
  79  6:48  Barracks  
  79  6:49  Barracks, Marine  
  79  6:50  SCV  
  79  6:53  Marine  
  80  6:54  Marine x2  
  80  6:57  Combat Shields, SCV  
  80  6:59  Factory Reactor  
  81  7:02  SCV  
  81  7:03  Supply Depot  
  81  7:04  Orbital Command  
  81  7:07  Marine  
  83  7:10  SCV, Marine  
  83  7:12  Marine x2  
  83  7:13  Supply Depot  
  83  7:14  SCV  
  88  7:20  Medivac x2  
  88  7:22  SCV  
  93  7:25  Marine  
  93  7:26  SCV  
  93  7:28  Marine  
  96  7:30  Marine  
  96  7:31  Engineering Bay  
  96  7:33  Supply Depot, Marine  
  96  7:34  SCV  
  95  7:40  Barracks x2, Barracks Tech Lab  
  95  7:42  Widow Mine x2  
  95  7:43  Marine  
  100  7:46  SCV, Marine  
  100  7:50  Marine x2  
  100  7:51  Marine x2  
  105  7:55  Medivac x2  
  105  7:58  SCV x2  
  112  8:03  Marine  
  112  8:04  Marauder  
  113  8:05  Concussive Shells  
  113  8:08  Marine  
  113  8:10  SCV  
  113  8:11  Marauder  
  113  8:20  SCV  
  113  8:22  Marauder  
  100  8:27  Marauder, Marine x3  
Show
View Real Time Build Order
Export as new Build Order

ShoWTimE Protoss - Winner!

Build Orders: 1 Gate Expand, Oracle Opening 

Get SALT Encoding   

  1  0:00  Probe (Chrono Boost)  
  12  0:05  Probe (Chrono Boost)  
  14  0:17  Pylon  
  14  0:23  Probe (Chrono Boost)  
  16  0:35  Gateway  
  16  0:37  Probe (Chrono Boost)  
  16  0:42  Assimilator  
  16  0:49  Probe (Chrono Boost)  
  17  1:01  Probe (Chrono Boost)  
  18  1:13  Probe (Chrono Boost)  
  19  1:20  Nexus  
  20  1:25  Probe (Chrono Boost)  
  20  1:33  Cybernetics Core  
  20  1:38  Probe (Chrono Boost)  
  21  1:42  Assimilator  
  21  1:47  Probe (Chrono Boost)  
  21  1:52  Pylon  
  21  1:53  Probe (Chrono Boost)  
  23  2:11  Adept  
  23  2:12  Probe (Chrono Boost)  
  26  2:17  Stargate  
  26  2:22  Probe (Chrono Boost)  
  26  2:26  Warp Gate  
  26  2:28  Probe (Chrono Boost)  
  27  2:34  Probe (Chrono Boost)  
  29  2:38  Adept  
  29  2:39  Probe (Chrono Boost)  
  32  2:46  Probe (Chrono Boost)  
  32  2:51  Oracle, Probe (Chrono Boost)  
  35  2:58  Probe (Chrono Boost)  
  35  3:03  Probe (Chrono Boost)  
  39  3:10  Probe (Chrono Boost)  
  39  3:11  Adept  
  42  3:13  Pylon  
  42  3:15  Probe (Chrono Boost)  
  43  3:20  Oracle  
  43  3:22  Probe (Chrono Boost)  
  45  3:27  Probe (Chrono Boost)  
  49  3:34  Probe (Chrono Boost)  
  49  3:36  Gateway  
  49  3:38  Gateway  
  50  3:42  Probe (Chrono Boost)  
  50  3:47  Probe (Chrono Boost)  
  49  3:54  Probe (Chrono Boost)  
  48  3:59  Probe (Chrono Boost)  
  49  4:03  Pylon  
  49  4:06  Probe (Chrono Boost)  
  51  4:10  Nexus  
  51  4:11  Probe (Chrono Boost)  
  51  4:14  Assimilator  
  51  4:16  Assimilator  
  52  4:18  Phoenix, Probe (Chrono Boost)  
  52  4:23  Probe (Chrono Boost)  
  55  4:30  Probe (Chrono Boost)  
  56  4:35  Probe (Chrono Boost)  
  57  4:42  Probe (Chrono Boost)  
  59  4:46  Twilight Council  
  59  4:47  Probe (Chrono Boost)  
  59  4:48  Forge  
  59  4:50  Pylon  
  59  4:53  Shield Battery  
  59  4:54  Shield Battery, Probe (Chrono Boost)  
  59  4:59  Probe (Chrono Boost)  
  61  5:00  Robotics Facility  
  61  5:01  Protoss Ground Weapons Level 1  
  61  5:03  Blink  
  61  5:07  Probe (Chrono Boost)  
  62  5:08  Shield Battery  
  62  5:10  Probe (Chrono Boost), Sentry, Pylon  
  62  5:14  Probe (Chrono Boost)  
  65  5:15  Adept  
  65  5:16  Probe (Chrono Boost)  
  65  5:21  Probe (Chrono Boost)  
  69  5:25  Probe x2 (Chrono Boost), Sentry  
  74  5:33  Probe (Chrono Boost)  
  75  5:37  Gateway, Probe (Chrono Boost)  
  75  5:38  Probe (Chrono Boost)  
  75  5:39  Observer  
  77  5:45  Gateway  
  77  5:46  Gateway  
  78  5:51  Gateway  
  78  5:52  Probe x2 (Chrono Boost)  
  78  5:53  Gateway  
  80  5:59  Stalker, Pylon  
  80  6:03  Pylon  
  82  6:05  Stalker x2  
  82  6:22  Stalker  
  84  6:27  Protoss Ground Weapons Level 2  
  84  6:35  Probe (Chrono Boost)  
  84  6:38  Stalker, Probe (Chrono Boost)  
  84  6:39  Stalker, Probe (Chrono Boost)  
  82  6:41  Probe (Chrono Boost)  
  82  6:43  Warp Prism  
  85  6:50  Probe (Chrono Boost)  
  85  6:51  Probe (Chrono Boost)  
  85  6:52  Probe (Chrono Boost)  
  89  7:02  Probe (Chrono Boost), Resonating Glaives  
  89  7:04  Nexus, Probe x2 (Chrono Boost)  
  89  7:06  Pylon  
  91  7:10  Adept x4  
  99  7:19  Observer  
  99  7:28  Photon Cannon  
  100  7:30  Photon Cannon  
  100  7:32  Probe x2 (Chrono Boost)  
  100  7:34  Adept x5  
  112  7:37  Photon Cannon  
  112  7:45  Adept x2  
  112  7:49  Pylon  
  110  7:54  Pylon  
  107  8:06  Adept x5  
  107  8:10  Probe x2 (Chrono Boost)  
  107  8:11  Probe (Chrono Boost)  
  120  8:18  Probe (Chrono Boost)  
  121  8:22  Probe x2 (Chrono Boost)  
  121  8:23  Probe (Chrono Boost)  
  121  8:25  Adept x3  
  122  8:30  Probe (Chrono Boost)  
  122  8:34  Adept x3, Probe x2 (Chrono Boost)  
  122  8:35  Probe (Chrono Boost)  
  123  8:42  Probe (Chrono Boost)  
Tags
 
Add a new tag
Caveats
  • Supply blocks, unpowered buildings, or Contaminate may cause inaccurate times.
  • Supply counts are checked every 10 seconds.